 Dungeon Crawl Stone Soup version 0.17-a0-1311-gbcbd859 (webtiles) character file.

602 Fluffy the Basher (level 7, -3/41 HPs)
             Began as a Gargoyle Fighter on June 8, 2015.
             Slain by Edmund
             ... wielding a +6 flail of crushing
              (8 damage)
             ... on level 4 of the Dungeon.
             The game lasted 00:09:40 (2938 turns).

Fluffy the Basher (Gargoyle Fighter)                Turns: 2938, Time: 00:09:40

Health: -3/41      AC: 13    Str: 24    XL:     7   Next: 41%
Magic:  7/7        EV: 12    Int:  9    God:
Gold:   166        SH: 10    Dex: 16    Spells: 0 memorised, 6 levels left

rFire  . . .     SeeInvis .     a - +0 flail
rCold  . . .     Clarity  .     b - +0 scale mail
rNeg   + . .     SustAt   .     c - +0 shield
rPois  ∞         Gourm    .     q - +0 helmet
rElec  +         Spirit   .     (no cloak)
rCorr  .         Warding  .     (no gloves)
rMut   .         Stasis   .     i - +0 pair of boots
MR     .....                    (no amulet)
Stlth  +.........               (no ring)
                                (no ring)

@: mighty, agile, not resistant to hostile enchantments, very unstealthy
A: negative energy resistance 1, electricity resistance, unbreathing,
petrification resistance, rot immunity, AC +4
a: no special abilities


You were on level 4 of the Dungeon.
You were hungry.

You visited 1 branch of the dungeon, and saw 4 of its levels.
You also visited: Sewer.

You collected 166 gold pieces.

Inventory:

Hand weapons
 a - a +0 flail (weapon)
Armour
 b - a +0 scale mail (worn)
 c - a +0 shield (worn)
 i - a +0 pair of boots (worn)
 q - a +0 helmet (worn)
Jewellery
 l - an uncursed ring of ice
Magical devices
 o - a wand of fireball (13)
 p - a wand of fireball (6)
 s - a wand of magic darts (11)
Scrolls
 h - a scroll of remove curse
 j - 4 scrolls of teleportation
Potions
 n - a potion of lignification
 r - 4 potions of magic
 t - 2 potions of flight
Comestibles
 e - 5 bread rations
 g - a beef jerky
 k - a meat ration


   Skills:
 - Level 3.2 Fighting
 + Level 8.0 Maces & Flails
 - Level 3.2 Armour
 - Level 3.2 Shields


You had 6 spell levels left.
You didn't know any spells.

Dungeon Overview and Level Annotations

Branches:
Dungeon (4/15)
 Temple: D:4-7

Altars:
Xom

Annotations:
D:4 Blork the orc, Edmund


Innate Abilities, Weirdness & Mutations

You are resistant to torment.
Your stone body is resilient (AC +4).
You are immune to poison.
You resist negative energy.
You are resistant to electric shocks.
You can survive without breathing.
You are immune to petrification.
You are immune to rotting.


Message History

You are too injured to fight recklessly!
You are too injured to fight recklessly!
You are too injured to fight recklessly!
Unknown command.
Blork the orc casts a spell at you. The magic dart hits you!
* * * LOW HITPOINT WARNING * * *
Drink which item? (? for menu, Esc to quit)
You feel agile all of a sudden. Edmund misses you.
Drink which item? (? for menu, Esc to quit)
You feel very mighty all of a sudden.
You hit Edmund.
Edmund is moderately wounded.
You block Edmund's attack.
Blork the orc screams, "I'll cut your head off!"
Your shield and scale mail prevent you from hitting Edmund.
Edmund is moderately wounded.
Edmund hits you with a flail of crushing!
You die...

#.. #.# #.### #...
#..#### #.....###
#.......%
.##########)..#.#.
.........@@o......?
##.....###.#......
#.....#...#.##...
..##............ ..
....>..(.....#### .
.......<.....#
####.###(.[..####
........).......
###.###.........


You could see Edmund and Blork the orc.

Vanquished Creatures
  A black bear (D:3)
  A big kobold (Sewer)
  Ijyb (D:3)
  2 orc wizards (D:3)
  Jessica (D:3)
  A worker ant (D:4)
  Robin (D:2)
  11 adders
  5 gnolls
  A river rat (Sewer)
  6 oozes
  A worm (D:2)
  2 giant geckos
  11 orcs (D:3)
  6 bats
  4 giant cockroaches
  12 hobgoblins
  5 jackals
  3 quokkas
  3 ball pythons
  4 giant newts
  19 goblins
  15 kobolds
  8 rats
124 creatures vanquished.

Notes
Turn   | Place    | Note
--------------------------------------------------------------
     0 | D:1      | Fluffy the Gargoyle Fighter began the quest for the Orb.
     0 | D:1      | Reached XP level 1. HP: 14/14 MP: 1/1
     9 | D:1      | Reached XP level 2. HP: 19/19 MP: 2/2
   279 | D:1      | Reached XP level 3. HP: 21/23 MP: 3/3
  1097 | D:2      | Reached skill level 4 in Maces & Flails
  1207 | D:2      | Reached XP level 4. HP: 28/28 MP: 4/4
  1520 | D:2      | Noticed Robin
  1528 | D:2      | Killed Robin
  1716 | D:3      | Reached skill level 5 in Maces & Flails
  1716 | D:3      | Reached XP level 5. HP: 20/32 MP: 5/5
  1839 | D:3      | Found a glowing drain.
  1849 | Sewer    | Entered a sewer
  2041 | Sewer    | Reached skill level 6 in Maces & Flails
  2060 | Sewer    | Reached XP level 6. HP: 35/37 MP: 6/6
  2402 | D:3      | Found a shimmering altar of Xom.
  2475 | D:3      | Reached skill level 7 in Maces & Flails
  2562 | D:3      | Noticed a black bear
  2577 | D:3      | Killed a black bear
  2577 | D:3      | Reached XP level 7. HP: 27/41 MP: 7/7
  2615 | D:3      | Noticed Ijyb
  2632 | D:3      | Killed Ijyb
  2730 | D:3      | Noticed Jessica
  2746 | D:3      | Killed Jessica
  2898 | D:4      | Reached skill level 8 in Maces & Flails
  2927 | D:4      | Noticed Edmund
  2930 | D:4      | Noticed Blork the orc
  2938 | D:4      | Slain by Edmund

Vault maps used:
D:1:      minmay_arrival_open_corners
D:2:      first_bread, grunt_ministairs_15, uniq_robin
D:3:      portal_sewer_entry_d, tgw_xom, uniq_iyjb, uniq_jessica
D:4:      minmay_temple_entry_overgrown, uniq_blork_the_orc, uniq_edmund
Sewer:    sewer_co_15_rooms

Action                   |  1- 3 |  4- 6 |  7- 9 || total
-------------------------+-------+-------+-------++-------
Melee: Flail             |   132 |   299 |    75 ||   506
  Use: Scroll            |       |     7 |     2 ||     9
       Potion            |       |       |     2 ||     2
  Eat: Chunk             |     1 |     6 |       ||     7
